 Dungeon Crawl Stone Soup version 0.22-a0-469-gf26638a (webtiles) character file.

4 Laiders72 the Magician (level 1, 13/13 (14) HPs)
             Began as a Ghoul Wizard on June 12, 2018.
             Quit the game on level 1 of the Dungeon.
             The game lasted 00:01:26 (218 turns).

Laiders72 the Magician (Ghoul Wizard)                Turns: 218, Time: 00:01:27

HP:   13/13 (14)    AC:  2    Str: 10    XL:     1   Next: 60%
MP:   3/3           EV: 12    Int: 13    God:
Gold: 2             SH:  0    Dex:  7    Spells: 4/5 levels left

rFire    . . .     SeeInvis .   c - +0 short sword
rCold    + . .     Gourm    .   (no shield)
rNeg     + + +     Faith    .   a - +0 robe
rPois    ∞         Spirit   .   b - +0 hat
rElec    .         Reflect  .   (no cloak)
rCorr    .         Harm     .   (no gloves)
MR       .....                  (no boots)
Stlth    ++........             (no amulet)
HPRegen  0.04/turn              (no ring)
MPRegen  0.08/turn              (no ring)

@: rotting
A: rotting body, claws 1, carnivore, cold resistance 1, negative energy
resistance 3, inhibited regeneration, torment resistance, unbreathing
a: no special abilities


You were on level 1 of the Dungeon.
You were not hungry.

You visited 1 branch of the dungeon, and saw 1 of its levels.

You collected 2 gold pieces.

Inventory:

Hand Weapons
 c - a +0 short sword (weapon)
Armour
 a - a +0 robe (worn)
 b - a +0 hat (worn)
Comestibles
 d - 3 rations


   Skills:
 + Level 1.7 Dodging
 + Level 2.1 Stealth
 + Level 2.9 Spellcasting
 + Level 0.7 Conjurations
   Level 0.8 Summonings
   Level 0.8 Translocations


You had 4 spell levels left.
You knew the following spells:

 Your Spells              Type           Power        Failure   Level  Hunger
a - Magic Dart            Conj           #...         17%         1    #......

Your spell library contained the following spells:

 Spells                   Type           Power        Failure   Level  Hunger
 Conjure Flame            Conj/Fire      #.......     52%         3    ###....
 Slow                     Hex            #.......     34%         2    ###....
 Mephitic Cloud           Conj/Pois/Air  #.......     54%         3    ###....
 Blink                    Tloc           N/A          24%         2    ###....
 Call Imp                 Summ           #.......     24%         2    ###....


Dungeon Overview and Level Annotations

Branches:
Dungeon (1/15)

Altars:


Innate Abilities, Weirdness & Mutations

Your body is rotting away.
You thrive on raw meat.
You are immune to poison.
You have sharp fingernails.
You are carnivorous and can eat meat at any time.
Your flesh is cold resistant. (rC+)
You are immune to negative energy. (rN+++)
You do not regenerate when monsters are visible.
You are immune to unholy pain and torment.
You can survive without breathing.


Message History

Press: ? - help, Shift-Dir - straight line, f/p - kobold
Aim: a kobold, wielding a short sword The magic dart hits the kobold.
You kill the kobold!
Found 2 gold pieces.
Found a hunting sling.
You see here a short sword.
c - a short sword Wield which item (- for none, * to show all)? (? for menu, Esc to quit)
c - a +0 short sword (weapon)
You start resting.
Magic restored.
You now have 2 gold pieces.
You see here a hunting sling.
Found a stone staircase leading down.
Found a hunting sling.
Unknown command.
Quiver which item? (- for none, * to show all) (? for menu, Esc to quit)
Okay, then.
Are you sure you want to abandon this character and quit the game? (Confirm with "yes".)

#.......... ####
##......... ....
####.....#.. .....
##....###.### .....
####..#### #.# ).....
#....## #.#
#...###.#### #.#
#..#..# ##.# #.@.##
######.(### #...##
##......#... #..#>#
##......(.... #.##.#
#............ ...
#.####.......)....
###
..................
..................
...................
#...............)....


There were no monsters in sight!

Vanquished Creatures
  A goblin (D:1)
  A bat (D:1)
  2 kobolds (D:1)
  A rat (D:1)
5 creatures vanquished.

Notes
Turn   | Place    | Note
-------+----------+-------------------------------------------
     0 | D:1      | Laiders72 the Ghoul Wizard began the quest for the Orb.
     0 | D:1      | Reached XP level 1. HP: 14/14 MP: 3/3
   218 | D:1      | Quit the game

Vault maps used:
D:1:      eino_arrival_cavern_e

Action                   || total
-------------------------++-------
Melee: Unarmed           ||     6
 Cast: Magic Dart        ||     6
Armor: Robe              ||     2
Dodge: Dodged            ||     6

Table legend:
 A = Spawn XP
 B = Non-spawn XP
 C = Spawn XP percentage of total XP
 D = Spawn monster count
 E = Non-spawn monster count
 F = Spawn count percentage of total count
 G = Total turns spent on level
                    A         B        C        D         E        F      G
               +---------+---------+-------+---------+---------+-------+---------
         Total |       0 |       6 |   0.0 |       0 |       5 |   0.0 |   218
               +---------+---------+-------+---------+---------+-------+---------
           D:1 |       0 |       6 |   0.0 |       0 |       5 |   0.0 |   218
               +---------+---------+-------+---------+---------+-------+---------
